AoeStats
← Negro Raymundo

Arena

509788877Analyzed
3v3 RM · 6d ago on Sep 28, 2026· 36m 27s· 6 players
Game mode
Random Map
Map size
Normal (6 player)
Population
200
Speed
Normal
Resources
Standard
Victory
Conquest
Starting age
Dark Age
Ending age
Imperial Age
RankedLock teamsTeams togetherTeam positionsShared explorationLock speedFull tech treeHidden civsTurbo modeCheats
Victory
Defeat
🇹🇼 Wei · Taiwan
1901
+11
🇹🇼 Saxons · Taiwan
1892
+12
🇹🇼 Varangians · Taiwan
1618
+23
🇨🇴 Italians · Colombia
1850
-18
🇦🇷 Byzantines · Argentina
1779
-15
🇨🇴 Persians · Colombia
1720
-13
Negro Raymundo
9:54 Feudal Age
11:39 Double-Bit Axe
14:31 Castle Age
12:17 Horse Collar
16:55 Bow Saw
17:37 Loom
20:48 Heavy Plow
21:31 Town Watch
22:55 Wheelbarrow
25:40 Gold Mining
26:03 Forging
28:25 Imperial Age
26:02 Scale Barding Armor
27:42 Iron Casting
28:01 Gold Shaft Mining
28:03 Chain Barding Armor
28:16 Bloodlines
28:06 Husbandry
28:05 Cavalier
29:04 Husbandry
30:20 Blast Furnace
28:44 Light Cavalry
30:22 Plate Barding Armor
31:21 Two-Man Saw
30:57 Savar
32:55 Crop Rotation
33:57 Hand Cart
NuMa | Toth
10:33 Feudal Age
11:03 Loom
11:32 Double-Bit Axe
17:28 Castle Age
17:15 Horse Collar
18:44 Bow Saw
19:18 Wheelbarrow
18:45 Heavy Plow
22:48 Town Watch
26:26 Scale Barding Armor
27:27 Chain Barding Armor
27:35 Light Cavalry
28:27 Forging
34:22 Imperial Age
34:28 Imperial Age
32:15 Hand Cart
35:55 Imperial Age
34:54 Fletching
35:05 Padded Archer Armor
37:42 Chemistry
Magio | Voy Pocker
10:55 Feudal Age
14:28 Castle Age
13:26 Double-Bit Axe
13:22 Horse Collar
15:37 Bow Saw
17:40 Wheelbarrow
19:38 Loom
24:32 Imperial Age
23:07 Gold Mining
23:36 Hand Cart
26:12 Chemistry
26:12 Padded Archer Armor
25:35 Pikeman
26:16 Squires
28:59 Leather Archer Armor
30:15 Scale Mail Armor
DYS.K
10:42 Feudal Age
12:14 Double-Bit Axe
14:33 Castle Age
12:21 Horse Collar
15:49 Bow Saw
22:26 Wheelbarrow
22:17 Heavy Plow
23:48 Gold Mining
28:13 Imperial Age
25:40 Loom
26:41 Bloodlines
26:31 Husbandry
26:37 Scale Barding Armor
27:54 Chain Barding Armor
27:45 Forging
28:06 Hand Cart
27:34 Light Cavalry
27:39 Vendel Legacy
28:17 Cavalier
30:17 Plate Barding Armor
30:54 Iron Casting
30:50 Stone Mining
33:14 Blast Furnace
33:56 Caravan
35:14 Coinage
34:30 Light Cavalry
GKT_Cloud
10:22 Feudal Age
11:46 Double-Bit Axe
14:07 Castle Age
11:49 Horse Collar
15:15 Bow Saw
19:57 Wheelbarrow
19:16 Loom
19:34 Town Watch
22:02 Fletching
23:15 Hand Cart
22:52 Guard Tower
23:13 Stone Mining
23:13 Gold Mining
28:16 Imperial Age
26:17 Scale Mail Armor
26:27 Forging
26:36 Bodkin Arrow
26:31 Treadmill Crane
27:13 Ballistics
27:04 Squires
26:50 Gambesons
27:25 Heavy Plow
27:05 Man-at-Arms
27:31 Arson
28:01 Long Swordsman
28:11 Pikeman
29:21 Conscription
29:34 Bracer
30:41 Chemistry
30:12 Masonry
29:32 Elite Skirmisher
30:13 Padded Archer Armor
31:12 Leather Archer Armor
31:12 Halberdier
34:14 Ring Archer Armor
36:33 Keep
DemonSheep
8:15 Feudal Age
7:31 Loom
8:59 Double-Bit Axe
8:54 Horse Collar
11:12 Town Watch
16:04 Wheelbarrow
18:45 Castle Age
17:00 Gold Mining
22:54 Imperial Age
20:57 Bow Saw
22:07 Heavy Plow
23:29 Gold Shaft Mining
23:23 Sanctity
26:26 Hand Cart
26:44 Fletching
26:17 Pikeman
27:37 Scale Mail Armor
28:42 Illumination
28:32 Block Printing
28:35 Squires
29:58 Fervor
31:44 Theocracy
32:39 Halberdier
Connection lost

Rejoining the realm…

Still unreachable

The connection could not be restored.

Session expired

The server has moved on; the page needs a fresh start.